Map: Ley Lines

Players

Aliaga

  • Race: Protoss Protoss
  • League: Diamond
  • Spawn Location: 1:00

SubN - Winner!

  • Race: Zerg Zerg
  • Spawn Location: 7:00

VOD

Have the link to the VOD?

Description

Time

  • Played on: July 11, 2025, 8:47 p.m.
  • Length: 5:16
Show
View Real Time Build Order
Export as new Build Order

Aliaga Protoss 

Build Orders: 1 Gate Expand, Dark Templar Rush 

Get SALT Encoding   

  12  0:00  Probe  
  13  0:12  Probe  
  14  0:19  Pylon  
  14  0:24  Probe  
  15  0:34  Probe  
  15  0:41  Gateway  
  15  0:42  Probe  
  17  0:51  Assimilator  
  17  0:52  Probe  
  19  1:04  Probe  
  19  1:05  Assimilator  
  19  1:16  Probe  
  20  1:28  Probe  
  21  1:32  Nexus  
  21  1:46  Cybernetics Core  
  21  1:52  Probe  
  22  1:56  Pylon  
  22  2:04  Probe  
  23  2:10  Gateway  
  23  2:11  Stalker  
  23  2:18  Pylon  
  25  2:25  Warp Gate  
  25  2:36  Twilight Council  
  25  2:37  Stalker  
  27  2:44  Probe  
  27  2:47  Probe  
  29  2:52  Probe  
  29  2:55  Probe  
  30  3:00  Probe  
  30  3:03  Probe  
  32  3:09  Robotics Facility  
  33  3:15  Probe x2  
  35  3:27  Probe x2  
  35  3:29  Dark Shrine  
  37  3:39  Probe  
  37  3:40  Probe  
  39  3:41  Pylon  
  39  3:49  Pylon  
  39  3:51  Probe  
  39  3:52  Probe  
  39  4:15  Stalker  
  35  4:18  Stalker  
  31  4:27  Pylon  
  31  4:29  Pylon  
  26  4:40  Pylon  
  26  4:41  Pylon  
  26  4:44  Pylon  
  28  4:46  Pylon  
  29  4:59  Probe x2  
Show
View Real Time Build Order
Export as new Build Order

SubN Zerg - Winner!

Build Orders: Pool First 

Get SALT Encoding   

  12  0:00  Drone  
  13  0:12  Overlord  
  13  0:17  Drone  
  14  0:30  Drone x2  
  16  0:39  Drone  
  17  0:45  Extractor  
  17  0:48  Drone  
  17  0:53  Spawning Pool  
  17  0:55  Drone  
  17  1:12  Drone  
  17  1:17  Drone  
  19  1:21  Hatchery  
  18  1:27  Drone  
  19  1:38  Drone  
  20  1:41  Queen  
  22  1:49  Overlord  
  22  2:08  Zergling x2  
  22  2:11  Zergling x2  
  24  2:22  Queen  
  27  2:30  Zergling x2  
  27  2:32  Zergling x2  
  27  2:34  Zergling x2  
  27  2:36  Queen  
  29  2:41  Metabolic Boost  
  31  2:54  Zergling x8  
  31  2:57  Drone  
  36  2:59  Overlord  
  36  3:11  Lair  
  36  3:26  Drone x3  
  39  3:33  Overlord  
  39  3:38  Drone x5  
  44  3:46  Overlord  
  43  4:04  Zergling x4  
  43  4:05  Zergling x10  
  50  4:16  Zergling x8  
  50  4:33  Zergling x8  
  54  4:44  Drone x2  
  54  4:45  Evolution Chamber  
  55  4:46  Evolution Chamber  
  55  4:47  Hatchery  
  55  4:51  Zergling x12  
Tags
 
Add a new tag
Caveats
  • Supply blocks, unpowered buildings, or Contaminate may cause inaccurate times.
  • Supply counts are checked every 10 seconds.